 Dungeon Crawl Stone Soup version 0.13.0-25-g43d4df3 (webtiles) character file.

412 Malachi the Charmwright (level 5, -2/38 HPs)
             Began as a Mummy Skald on Oct 29, 2013.
             Slain by an iguana (10 damage)
             ... on Level 4 of the Dungeon.
             The game lasted 00:06:19 (3940 turns).

Malachi the Charmwright (Mummy Skald)               Turns: 3940, Time: 00:06:20

HP  -2/38        AC  5     Str 15      XL: 5   Next: 80%
MP   9/10        EV  9     Int 12      God:
Gold 171         SH  6     Dex 11      Spells:  1 memorised,  8 levels left

Res.Fire  : x . .   See Invis. : .   l - +0 orc falchion
Res.Cold  : + . .   Warding    : .   n - +0 elf ring mail
Life Prot.: + + +   Conserve   : .   g - +0 elf buckler
Res.Poison: +       Res.Corr.  : .   (no helmet)
Res.Elec. : .       Clarity    : .   (no cloak)
Sust.Abil.: . .     Spirit.Shd : .   (no gloves)
Res.Mut.  : .       Stasis     : .   (no boots)
Res.Rott. : +       Flight     : .   (no amulet)
Saprovore : . . .                    (no ring)
                                     (no ring)

@: slightly resistant to hostile enchantments, very unstealthy
A: no food or potions, fire vulnerability, restore body, cold resistance 1, life
protection 3, poison resistance, torment resistance, unbreathing
a: no special abilities


You were on level 4 of the Dungeon.
You were not hungry.

You visited 1 branch of the dungeon, and saw 4 of its levels.

You collected 151 gold pieces.

Inventory:

Hand weapons
 a - a +0,+0 falchion
 h - a +0,+0 longbow
 l - a +0,+0 orcish falchion (weapon)
Missiles
 j - 5 poisoned darts (quivered)
Armour
 b - a +0 leather armour
 g - a +0 elven buckler (worn)
 n - a +0 elven ring mail (worn)
Scrolls
 e - 2 scrolls of remove curse
 f - 2 scrolls of curse jewellery {unknown}
 i - a scroll of fear {unknown}
 k - 3 scrolls of identify {unknown}
 m - a scroll of curse weapon {unknown}
Books
 c - a book of Battle

   Spells                             Type                      Level
   *Infusion                          Charms                       1
   Shroud of Golubria                 Charms/Translocation         2
   Song of Slaying                    Charms                       2
   Spectral Weapon                    Hexes/Charms                 3
   Regeneration                       Charms/Necromancy            3
   Song of Shielding                  Charms                       4


   Skills:
 + Level 2.3 Fighting
 + Level 2.1 Long Blades
 + Level 0.2 Throwing
 + Level 2.2 Armour
 + Level 2.0 Dodging
 + Level 0.6 Stealth
 + Level 0.4 Shields
 + Level 2.7 Spellcasting
 + Level 3.3 Charms


You had 8 spell levels left.
You knew the following spells:

 Your Spells              Type           Power        Failure   Level  Hunger
a - Infusion              Chrm           #.....       10%         1    N/A

Dungeon Overview and Level Annotations

Branches:
Dungeon (4/27)
 Temple: D:4-7

Altars:
Ashenzari
Cheibriados


Innate Abilities, Weirdness & Mutations

You do not eat or drink.
Your flesh is vulnerable to fire.
Your flesh is cold resistant.
You are immune to negative energy.
Your system is resistant to poisons.
You are immune to unholy pain and torment.
You can survive without breathing.


Message History

The iguana closely misses you.
You hit the iguana.
The iguana is moderately wounded.
The bat hits you but does no damage. You block the iguana's attack.
The iguana closely misses you.
You hit the iguana.
The iguana is heavily wounded.
The bat hits you but does no damage. The iguana barely misses you.
You hit the iguana but do no damage.
The iguana is heavily wounded.
You are feeling less magically infused.
The bat hits you. The iguana bites you!
* * * LOW HITPOINT WARNING * * *
You hit the iguana.
The iguana is severely wounded.
The bat hits you but does no damage. You block the iguana's attack.
You hit the iguana but do no damage.
The iguana is severely wounded.
The bat misses you. The iguana bites you!
You die...

...
#..$#
#...#
#...#
#...#
#<..#
#...#
#l..#
#.@.#
#...#
#.b.#
#%..#
#...#
#...#
#<..#
#...#
#####


You could see an iguana and a bat.

Vanquished Creatures
  An ogre (D:3)
  A hound (D:4)
  5 adders
  A worm (D:3)
  2 giant mites
  3 giant geckos
  An orc (D:3)
  8 bats
  2 giant cockroaches (D:2)
  6 hobgoblins
  2 jackals (D:2)
  6 kobolds
  2 ball pythons
  4 giant newts
  10 goblins
  6 rats
60 creatures vanquished.

Notes
Turn   | Place    | Note
--------------------------------------------------------------
     0 | D:1      | Malachi, the Mummy Skald, began the quest for the Orb.
     0 | D:1      | Reached XP level 1. HP: 15/15 MP: 3/3
   253 | D:1      | Reached XP level 2. HP: 18/21 MP: 1/5
   361 | D:1      | Reached skill level 1 in Dodging
   891 | D:2      | Reached skill level 1 in Armour
   896 | D:2      | Reached XP level 3. HP: 26/26 MP: 3/6
  1818 | D:2      | Reached skill level 3 in Charms
  1822 | D:2      | Reached XP level 4. HP: 27/33 MP: 2/8
  2000 | D:2      | Found a shattered altar of Ashenzari.
  2728 | D:3      | Found a snail-covered altar of Cheibriados.
  2784 | D:3      | Noticed a giant goldfish
  2990 | D:3      | Noticed a giant goldfish
  2993 | D:3      | Noticed a giant goldfish
  3545 | D:4      | Noticed an ogre
  3757 | D:3      | Killed an ogre
  3757 | D:3      | Reached XP level 5. HP: 25/38 MP: 10/10
  3940 | D:4      | Slain by an iguana

Action                   |  1- 3 |  4- 6 || total
-------------------------+-------+-------++-------
Melee: Falchion          |   128 |   103 ||   231
Throw: Dart              |       |    10 ||    10
 Cast: Infusion          |    19 |    13 ||    32
  Use: Scroll            |       |     3 ||     3
